 Dungeon Crawl Stone Soup version 0.27-a0-1065-ge809cff456 (webtiles) character file.

Game seed: 10825703495481186687

7 Gaff the Magician (level 2, -1/21 HPs)
             Began as a Djinni Summoner on Apr 23, 2021.
             Was a Follower of Uskayaw.
             Frozen to death by an endoplasm (6 damage)
             ... on level 1 of the Dungeon.
             The game lasted 00:02:15 (808 turns).

Gaff the Magician (Djinni Summoner)                  Turns: 808, Time: 00:02:15

Health: -1/21      AC:  3    Str:  7    XL:     2   Next: 4%
Gold:   24         EV: 11    Int: 16    God:    Uskayaw [*.....] SH:  0 Dex: 13

rFire    + + .     SeeInvis .   c - +0 dagger
rCold    x . .     Faith    .   (no shield)
rNeg     . . .     Spirit   .   e - +0 leather armour
rPois    ∞         Reflect  .   (no helmet)
rElec    .         Harm     .   (no cloak)
rCorr    .         Rampage  .   (no gloves)
Will     .....                  (boots unavailable)
Stlth    ++........             (no amulet)
HPRegen  0.07/turn              (no ring)
MPRegen  0.00/turn              (no ring)

@: flying
A: fire resistance 2, cold vulnerability 1, float, innate caster, hp casting,
extra vitality 1
a: Renounce Religion, Stomp


You were on level 1 of the Dungeon.
You worshipped Uskayaw.
Uskayaw was noncommittal.
You visited 1 branch of the dungeon, and saw 1 of its levels.

You collected 24 gold pieces.

Inventory:

Hand Weapons
 c - a +0 dagger (weapon)
 g - a +0 flail
 i - a +0 hunting sling
 j - a +0 dagger
Missiles
 b - 22 stones
Armour
 a - a +0 robe
 e - a +0 leather armour (worn)
Scrolls
 d - a scroll of fear {unknown}
 h - a scroll of enchant weapon {unknown}
Potions
 f - a potion of curing {unknown}


   Skills:
 + Level 2.1 Dodging
 + Level 1.5 Stealth
 + Level 3.9 Spellcasting


You couldn't memorise any spells.
You knew the following spells:

 Your Spells              Type           Power      Damage    Failure   Level
a - Summon Small Mammal   Summ           60%        N/A       4%          1
b - Call Imp              Summ           15%        N/A       8%          2
c - Call Canine Familiar  Summ           15%        N/A       16%         3
d - Summon Guardian Gole  Hex/Summ       15%        N/A       16%         3
e - Summon Lightning Spi  Summ/Air       15%        N/A       45%         4
f - Summon Ice Beast      Ice/Summ       15%        N/A       45%         4
Your spell library was empty.

Dungeon Overview and Level Annotations

Branches:
Dungeon (1/15)

Altars:
Uskayaw


Innate Abilities, Weirdness & Mutations

You are immune to poison.
Your flesh is very heat resistant. (rF++)
You are vulnerable to cold. (rC-)
You float through the air rather than walking.
You learn spells naturally, not from books.
Your magical power is your life essence.
You have superior vitality. (+4 HP)


Message History

a +0 dagger; a kobold corpse
j - a +0 dagger You swap places.
You start resting.
Your rat disappears in a puff of smoke!
An endoplasm comes into view.
Casting: Summon Small Mammal (safe; 4% risk of failure)
Press: ? - help, Q - select action, (/) - cycle Dir - look around, f - activate
* * * LOW HITPOINT WARNING * * *
Your rat disappears in a puff of smoke!
Your quokka disappears in a puff of smoke!
You see here a kobold corpse.
You swap places.
You swap places.
You see here a kobold corpse.
The endoplasm barely misses your bat.
Your bat disappears in a puff of smoke!
An endoplasm is nearby!
An endoplasm is nearby!
The endoplasm closely misses your bat. The endoplasm closely misses your bat.
The endoplasm barely misses your bat. The endoplasm hits your bat.
Your bat hits the endoplasm.
Your bat hits the endoplasm but does no damage.
Your bat completely misses the endoplasm.
The endoplasm hits your bat.
Your bat hits the endoplasm. Your bat hits the endoplasm.
The endoplasm freezes your bat.
Your bat is frozen.
Your bat dies!
Your bat's corpse disappears in a puff of smoke!
The endoplasm quivers.
Casting: Summon Small Mammal (safe; 4% risk of failure)
Press: ? - help, Q - select action, (/) - cycle Dir - look around, f - activate
* * * LOW HITPOINT WARNING * * *
You hit the endoplasm.
The endoplasm is severely wounded.
The endoplasm freezes you.
You are frozen.
You feel a terrible chill!
You die...

#....P.P.P# . .##
#.PP....P.# #.## ..
#####_##### ..##.#
#........P# ##.#..#####
#..P......# .........##
#.PPP..P..# #.........#.
#..P.PPP..######...........
#.#.....P.#.##.Jr...........
###.P.....#...@##...........
#....P..#.#####.†....!....
#.##...##..# #........... ##
#P.P#...# ##........##
#.###..### #....$...#
#.....## #........>.#
####### #..........#
#..........# #..........#


You could see an endoplasm (ally target) and a friendly rat (summoned).

Vanquished Creatures
  2 bats (D:1)
2 creatures vanquished.

Vanquished Creatures (collateral kills)
  A dart slug (D:1)
  A bat (D:1)
  2 endoplasms (D:1)
  A goblin (D:1)
  A hobgoblin (D:1)
  A kobold (D:1)
7 creatures vanquished.

Vanquished Creatures (others)
  A demonic plant (D:1)
1 creature vanquished.

Grand Total: 10 creatures vanquished

Notes
Turn   | Place    | Note
-------+----------+-------------------------------------------
     0 | D:1      | Gaff the Djinni Summoner began the quest for the Orb.
     0 | D:1      | Reached XP level 1. HP: 15/15 MP: 0/0
   535 | D:1      | Found a faded altar of an unknown god.
   721 | D:1      | Became a worshipper of Uskayaw the Reveller
   721 | D:1      | Reached * piety under Uskayaw
   770 | D:1      | Reached XP level 2. HP: 6/21 MP: 0/0
   808 | D:1      | Frozen to death by an endoplasm

Illustrated notes

Levels and vault maps discovered:
D:1:      dpeg_arrival_simpleton_a, layout_rooms, shapermc_ecumenical_altar_gd,
          chequers_serial_rivers_small_b, corexii_leaking_fountain,
          grunt_decor_mini_mirrors

Action                   || total
-------------------------++-------
Melee: Dagger            ||    14
 Cast: Summon Small Mamm ||    17
Armor: Leather armour    ||     3
Dodge: Dodged            ||    12

Table legend: (Time is in decaauts)
 A = Elapsed time spent in this place.
 B = Non-inter-level travel time spent in this place.
 C = Inter-level travel time spent in this place.
 D = Time resting spent in this place.
 E = Time spent auto-exploring this place.
 F = Levels seen in this place.
 G = Mean time per level.
                   A        B        C        D        E       F      G
               +--------+--------+--------+--------+--------+-----+--------+
         Total |    807 |    807 |      0 |    350 |    262 |   1 |  807.0 |
       Dungeon |    807 |    807 |      0 |    350 |    262 |   1 |  807.0 |
               +--------+--------+--------+--------+--------+-----+--------+

Top non-repeatable levels by time:
     D:1: 807 daAuts
